 Dungeon Crawl Stone Soup version 0.19-a0-45-g2c295ea (webtiles) character file.

85 ololoev the Covered (level 4, 41/41 HPs)
             Began as a Minotaur Fighter on May 5, 2016.
             Was an Initiate of Gozag.
             Quit the game on level 2 of the Dungeon.
             The game lasted 00:01:30 (1433 turns).

ololoev the Covered (Minotaur Fighter)              Turns: 1433, Time: 00:01:31

Health: 41/41      AC:  7    Str: 21    XL:     4   Next: 25%
Magic:  3/3        EV:  9    Int:  5    God:    Gozag
Gold:   89         SH:  0    Dex: 13    Spells: 0 memorised, 3 levels left

rFire  . . .     SeeInvis .     a - +0 long sword
rCold  . . .     Gourm    .     b - +0 scale mail
rNeg   . . .     Faith    .     (no shield)
rPois  .         Spirit   .     (helmet restricted)
rElec  .         Dismiss  .     (no cloak)
rCorr  .         Reflect  .     (no gloves)
SustAt .         Harm     .     (no boots)
MR     .....                    (no amulet)
Stlth  ..........               (no ring)
                                o - +3 ring of dexterity

@: not resistant to hostile enchantments, extremely unstealthy
A: retaliatory headbutt, horns 2
a: Potion Petition, Call Merchant, Bribe Branch, Renounce Religion


Innate Abilities, Weirdness & Mutations

You reflexively headbutt those who attack you in melee.
You have a pair of horns on your head.

Inventory:

Hand Weapons
 a - a +0 long sword (weapon)
Armour
 b - a +0 scale mail (worn)
Jewellery
 o - a +3 ring of dexterity (left hand)
Scrolls
 c - a scroll of immolation {unknown}
 e - a scroll of identify {unknown}
 g - 2 scrolls of amnesia {unknown}
 l - a scroll of fear {unknown}
 m - 2 scrolls of remove curse {unknown}
 r - a scroll of random uselessness {unknown}
Potions
 d - a potion of might
 i - a potion of lignification {unknown}
 j - 2 potions of curing {unknown}
 k - a potion of invisibility {unknown}
 q - a potion of berserk rage
Comestibles
 f - 4 bread rations
 h - a royal jelly
 n - a beef jerky
 p - 4 chunks of flesh


   Skills:
 + Level 4.4 Fighting
 * Level 3.8 Long Blades
 + Level 4.7 Armour
   Level 3.6 Shields


You had 3 spell levels left.
You didn't know any spells.


You were on level 2 of the Dungeon.
You worshipped Gozag.
Gozag was noncommittal.
You were not hungry.

You visited 1 branch of the dungeon, and saw 2 of its levels.

You collected 89 gold pieces.

#.##########
#...........
####.######
#..# #
####.####
#.##...)...##
#......8....#
####..8.8...#
#(8.@.8..#
#..8.8...#
#...8....#
#...........
############

Notes
Turn   | Place    | Note
--------------------------------------------------------------
     0 | D:1      | ololoev the Minotaur Fighter began the quest for the Orb.
     0 | D:1      | Reached XP level 1. HP: 19/19 MP: 0/0
    82 | D:1      | Reached XP level 2. HP: 8/27 MP: 1/1
   608 | D:1      | Reached XP level 3. HP: 33/33 MP: 2/2
  1275 | D:2      | Found a faded altar to an unknown god.
  1277 | D:2      | Noticed Ijyb
  1291 | D:2      | Killed Ijyb
  1291 | D:2      | Reached XP level 4. HP: 22/41 MP: 3/3
  1433 | D:2      | Became a worshipper of Gozag Ym Sagoz the Greedy
  1433 | D:2      | Quit the game

Dungeon Overview and Level Annotations

Branches:
Dungeon (2/15)

Altars:
Gozag


Message History

Found 25 stones.
A worm is nearby!
A worm is nearby!
Ijyb the Twisted Goblin comes into view.
He is wielding a dagger of protection.
Ijyb shouts!
You hit the worm.
The worm is lightly wounded.
The worm bites you but does no damage.
You slash the worm!
The worm is severely wounded.
The worm bites you.
You barely miss the worm.
The worm is severely wounded.
You slash the worm!
You kill the worm!
Ijyb drinks a potion.
Ijyb goes berserk!
You closely miss Ijyb. Your headbutt misses Ijyb.
Ijyb hits you with a dagger of protection.
You hit Ijyb but do no damage. Your headbutt misses Ijyb.
Ijyb hits you with a dagger of protection.
Ijyb barely misses you.
You hit Ijyb.
Ijyb is lightly wounded.
Ijyb completely misses you.
Ijyb hits you with a dagger of protection.
You hit Ijyb. Your headbutt misses Ijyb.
Ijyb is lightly wounded.
Ijyb hits you but does no damage. Ijyb barely misses you.
You barely miss Ijyb. You headbutt Ijyb!
Ijyb is heavily wounded.
Ijyb hits you but does no damage. x2
You hit Ijyb.
Ijyb is heavily wounded.
Ijyb misses you. You furiously retaliate!
You headbutt Ijyb! Ijyb hits you but does no damage.
You slash Ijyb!
Ijyb is almost dead.
Ijyb hits you with a dagger of protection.
You closely miss Ijyb. Your headbutt misses Ijyb.
Ijyb is almost dead.
Ijyb hits you with a dagger of protection.
Ijyb barely misses you.
You closely miss Ijyb. Your headbutt misses Ijyb.
Ijyb is almost dead.
Ijyb hits you but does no damage.
Ijyb hits you with a dagger of protection.
You are too injured to fight recklessly!
You are too injured to fight recklessly!
You are too injured to fight recklessly!
You are too injured to fight recklessly!
You are too injured to fight recklessly!
You are too injured to fight recklessly!
You are too injured to fight recklessly!
You are too injured to fight recklessly!
You are too injured to fight recklessly!
You are too injured to fight recklessly!
You hit Ijyb.
You kill Ijyb!
You have reached level 4!
You feel agile.
Things that are here:
a dagger of protection; the goblin corpse of Ijyb You butcher the goblin corpse of Ijyb.
p - 4 chunks of flesh (gained 2)
You see here a dagger of protection.
You see here a worm corpse.
You butcher the worm corpse.
p - 7 chunks of flesh (gained 3)
You start resting.
Some of the chunks of flesh in your inventory have rotted away.
Eating one of 5 chunks of flesh.
This raw flesh tastes terrible.
You continue eating. x2
HP restored.
There is a faded altar to an unknown god here.
This altar will convert you to a god.
You cannot discern which.
Do you pray? Gozag accepts your prayer! Gozag welcomes you!
Gozag waives the service fee.
Gozag offers you a free set of potion effects!
Are you sure you want to abandon this character and quit the game? (Confirm with "yes".)

There were no monsters in sight!

Vanquished Creatures
  Ijyb (D:2)
  An adder (D:2)
  A worm (D:2)
  2 dart slugs (D:1)
  5 giant geckos
  A giant cockroach (D:2)
  2 goblins (D:1)
  8 hobgoblins
  2 jackals (D:2)
  3 kobolds (D:1)
  A quokka (D:2)
  3 bats (D:1)
  A giant newt (D:2)
  5 rats
36 creatures vanquished.

Action                   |  1- 3 |  4- 6 || total
-------------------------+-------+-------++-------
Melee: Long sword        |    79 |       ||    79
       Headbutt          |    10 |       ||    10
  Eat: Chunk             |     1 |     1 ||     2
Armor: Scale mail        |    41 |       ||    41
Dodge: Dodged            |    37 |       ||    37

Vault maps used:
D:1:      minmay_arrival_loop, minmay_vboxes
D:2:      lemuel_upstairs_altar, ecumenical_altar_2, hex_medium, uniq_iyjb
